 Dungeon Crawl Stone Soup version 0.23.2-1-ga50397a (webtiles) character file.

Game seed: 815981756182398488

287 MalarOregon the Grave Robber (level 6, 0/45 HPs)
             Began as a Ghoul Necromancer on May 26, 2019.
             Killed from afar by an orc wizard (7 damage)
             ... with a magic dart
             ... on level 3 of the Dungeon.
             The game lasted 00:04:53 (2689 turns).

MalarOregon the Grave Robber (Ghoul Necromancer)    Turns: 2689, Time: 00:04:54

Health: 0/45       AC:  2    Str: 12    XL:     6   Next: 30%
Magic:  9/9        EV: 13    Int: 14    God:
Gold:   184        SH:  0    Dex: 11    Spells: 7/11 levels left

rFire    . . .     SeeInvis .   r - +2 short sword (venom)
rCold    + . .     Gourm    .   (no shield)
rNeg     + + +     Faith    .   t - +0 robe {rN+}
rPois    ∞         Spirit   .   s - +0 hat
rElec    .         Reflect  .   (no cloak)
rCorr    .         Harm     .   (no gloves)
MR       .....                  (no boots)
Stlth    +.........             (no amulet)
HPRegen  0.00/turn              d - +4 ring of intelligence
MPRegen  0.11/turn              (no ring)

@: confused, rotting
A: rotting body, claws 1, carnivore, cold resistance 1, negative energy
resistance 3, inhibited regeneration, torment resistance, unbreathing
a: no special abilities


You were on level 3 of the Dungeon.
You were not hungry.

You visited 1 branch of the dungeon, and saw 3 of its levels.

You collected 184 gold pieces.

Inventory:

Hand Weapons
 k - a +1 hunting sling of velocity
   (You found it on level 1 of the Dungeon)
 r - a +2 short sword of venom (weapon)
   (You took it off a kobold on level 2 of the Dungeon)
Missiles
 c - 66 stones (quivered)
Armour
 s - a +0 hat (worn)
   (You found it on level 3 of the Dungeon)
 t - a +0 robe of positive energy (worn)
   (You took it off Jessica on level 3 of the Dungeon)
Jewellery
 d - a +4 ring of intelligence (left claw)
   (You found it on level 1 of the Dungeon)
Scrolls
 f - 3 scrolls of remove curse {unknown}
 g - 2 scrolls of amnesia {unknown}
 h - a scroll of immolation {unknown}
 j - 5 scrolls of identify {@r1}
 m - a scroll of random uselessness {unknown}
 o - 2 scrolls of fear {unknown}
 q - 2 scrolls of enchant weapon {unknown}
Potions
 b - a potion of magic
 l - a potion of mutation {unknown}
 n - a potion of degeneration {unknown}
 p - a potion of flight {unknown}
Comestibles
 e - 4 rations {!d}


   Skills:
 + Level 3.2 Dodging
 + Level 4.2 Stealth
 + Level 3.0 Spellcasting
 + Level 5.0 Necromancy


You had 7 spell levels left.
You knew the following spells:

 Your Spells              Type           Power        Failure   Level  Hunger
a - Pain                  Necr           ###.         2%          1    #......
q - Vampiric Draining     Necr           ###.......   8%          3    ###....

Your spell library contained the following spells:

 Spells                   Type           Power        Failure   Level  Hunger
 Animate Skeleton         Necr           N/A          2%          1    #......
 Regeneration             Chrm/Necr      #.........   22%         3    ###....
 Animate Dead             Necr           N/A          26%         4    #####..


Dungeon Overview and Level Annotations

Branches:
Dungeon (3/15)

Altars:
Fedhas
Uskayaw
Vehumet

Annotations:
D:2 Sigmund


Innate Abilities, Weirdness & Mutations

Your body is rotting away.
You thrive on raw meat.
You are immune to poison.
You have sharp fingernails.
You are carnivorous and can eat meat at any time.
Your flesh is cold resistant. (rC+)
You are immune to negative energy. (rN+++)
You do not regenerate when monsters are visible.
You are immune to unholy pain and torment.
You can survive without breathing.


Message History

There are monsters nearby!
There are monsters nearby!
The ooze barely misses you.
You hit the ooze.
An orc comes into view. It is wielding a +0 short sword.
The ooze hits you.
The orc hits you from afar with a +0 spear.
You barely miss the ooze. The ooze barely misses you.
The orc closely misses you.
You barely miss the ooze.
The orc shouts!
The ooze hits you. The orc barely misses you.
You hit the ooze but do no damage. The ooze closely misses you.
An orc comes into view. It is wielding a +0 hand axe.
The orc hits you from afar with a +0 spear!
You hit the ooze.
The ooze is poisoned.
You kill the ooze!
The orc hits you from afar with a +0 spear.
The orc closely misses you. x2
You barely miss the orc. The orc closely misses you. The orc barely misses you.
You hit the orc.
The orc is poisoned.
You kill the orc!
The orc misses you.
You hit the orc.
The orc is poisoned.
You kill the orc!
An orc wizard comes into view. It is wielding a +0 dagger.
The orc hits you with a +0 short sword.
You hit the orc.
The orc is poisoned.
The orc hits you with a +0 short sword.
* * * LOW HITPOINT WARNING * * *
You are too injured to fight recklessly!
You kill the orc!
The orc wizard points at you and mumbles some strange words.
You are confused.
Things that are here:
a +0 hand axe; a +0 spear; an orc corpse You bump into the rock wall.
The orc wizard hits you with a +0 dagger.
* * * LOW HITPOINT WARNING * * *
You miss the orc wizard.
The orc wizard hits you with a +0 dagger.
* * * LOW HITPOINT WARNING * * *
You bump into the rock wall.
The orc wizard gestures at you while chanting.
The puff of flame hits you!
* * * LOW HITPOINT WARNING * * *
You barely miss the orc wizard. The orc wizard barely misses you.
You miss the orc wizard.
The orc wizard gestures at you while chanting.
The magic dart hits you!
You die...

........).).......
####....#########.
#....# #.. # #....#
#.# # #....# #.# #
#....# ##.## # #
#....# ##...## .###.
#
#....####.#.#.#......
# #............@o..#
#####...####†#.#)####
................##
#####^..####.#.## #
#..## #.### # ##..#
#.# # ##.#.### #.# #
#.###.. ... #
##.#.### #.#


You could see an orc wizard.

Vanquished Creatures
  An ogre (D:3)
  An orc priest (D:3)
  Jessica (D:3)
  An orc wizard (D:3)
  4 adders (D:2)
  An ooze (D:3)
  3 worms
  3 dart slugs
  2 leopard geckos
  9 orcs (D:3)
  7 bats
  2 goblins
  6 hobgoblins
  8 kobolds
  3 quokkas
  A ball python (D:2)
  4 frilled lizards
  6 rats
63 creatures vanquished.

Notes
Turn   | Place    | Note
-------+----------+-------------------------------------------
     0 | D:1      | MalarOregon the Ghoul Necromancer began the quest for the
                  | Orb.
     0 | D:1      | Reached XP level 1. HP: 14/14 MP: 2/2
     1 | D:1      | Noticed an electric eel
   291 | D:1      | Reached XP level 2. HP: 7/20 MP: 3/3
  1186 | D:2      | Reached XP level 3. HP: 23/26 MP: 5/5
  1191 | D:2      | Learned a level 3 spell: Vampiric Draining
  1301 | D:2      | Found a blossoming altar of Fedhas.
  1302 | D:2      | Found a hide-covered altar of Uskayaw.
  1459 | D:2      | Reached XP level 4. HP: 19/33 MP: 6/6
  1498 | D:2      | Found a radiant altar of Vehumet.
  1542 | D:2      | Noticed Sigmund
  1759 | D:3      | Noticed an ogre
  1770 | D:3      | Killed an ogre
  1770 | D:3      | Reached XP level 5. HP: 3/38 MP: 3/8
  2118 | D:3      | Noticed Jessica
  2123 | D:3      | Killed Jessica
  2141 | D:3      | Reached XP level 6. HP: 24/45 MP: 1/9
  2146 | D:3      | Reached skill level 5 in Necromancy
  2689 | D:3      | Killed from afar by an orc wizard

Skill      XL: |  1  2  3  4  5  6 |
---------------+-------------------+-----
Dodging        | 2 3 |  3.2
Spellcasting   | 2 3 |  3.0
Stealth        | 3 4 |  4.2
Necromancy     | 5 |  5.0

Action                   |  1- 3 |  4- 6 || total
-------------------------+-------+-------++-------
Melee: Unarmed           |    14 |       ||    14
       Short sword       |    84 |    81 ||   165
 Fire: Hunting sling     |       |    10 ||    10
 Cast: Vampiric Draining |       |     5 ||     5
  Use: Scroll            |     1 |       ||     1
       Potion            |     1 |       ||     1
 Stab: Sleeping          |     2 |     4 ||     6
       Distracted        |     1 |     2 ||     3
  Eat: Chunk             |     9 |     4 ||    13
Armor: Robe              |    14 |     5 ||    19
Dodge: Dodged            |    91 |    56 ||   147
